 Dungeon Crawl Stone Soup version 0.26-b1-32-g5d43845318 (webtiles) character file.

Game seed: 11798262304274812838

196 Borgoz the Cudgeller (level 5, -3/45 HPs)
             Began as a Ghoul Gladiator on Jan 13, 2021.
             Slain by Grinder (5 damage)
             ... while paralysed by Grinder
             ... on level 3 of the Dungeon.
             The game lasted 00:02:35 (2483 turns).

Borgoz the Cudgeller (Ghoul Gladiator)              Turns: 2483, Time: 00:02:35

Health: -3/45      AC:  7    Str: 19    XL:     5   Next: 75%
Magic:  4/4        EV:  2    Int:  3    God:
Gold:   38         SH:  0    Dex: 10    Spells: 4/4 levels left

rFire    . . .     SeeInvis .   a - +0 flail
rCold    + . .     Faith    .   (no shield)
rNeg     + + +     Spirit   .   q - +0 scale mail
rPois    ∞         Reflect  .   c - +0 helmet
rElec    .         Harm     .   (no cloak)
rCorr    .         Rampage  .   (no gloves)
Will     .....                  (no boots)
Stlth    +.........             (no amulet)
HPRegen  0.00/turn              f - ring of stealth
MPRegen  0.09/turn              (no ring)

@: paralysed
A: claws 1, cold resistance 1, negative energy resistance 3, inhibited
regeneration, torment resistance, unbreathing
a: no special abilities


You were on level 3 of the Dungeon.
You visited 1 branch of the dungeon, and saw 3 of its levels.

You collected 38 gold pieces.

Inventory:

Hand Weapons
 a - a +0 flail (weapon)
Missiles
 d - a throwing net (quivered)
Armour
 c - a +0 helmet (worn)
 q - a +0 scale mail (worn)
Jewellery
 f - a ring of stealth (left claw)
Scrolls
 e - 3 scrolls of remove curse {unknown}
 h - a scroll of blinking {unknown}
 j - 2 scrolls of identify {unknown}
 l - a scroll of enchant weapon {unknown}
 n - a scroll of fear {unknown}
 o - a scroll of immolation {unknown}
 p - a scroll of amnesia {unknown}
Potions
 g - a potion of attraction {unknown}
 i - a potion of degeneration {unknown}
 m - a potion of cancellation {unknown}


   Skills:
 * Level 3.6 Fighting
 * Level 3.6 Maces & Flails
 - Level 1.7 Throwing
 * Level 2.1 Armour
 * Level 3.6 Dodging


You had 4 spell levels left.
You didn't know any spells.
Your spell library was empty.

Dungeon Overview and Level Annotations

Branches:
Dungeon (3/15)

Altars:
Hepliaklqana

Annotations:
D:3 Grinder


Innate Abilities, Weirdness & Mutations

You thrive by killing the living.
You are immune to poison.
You have sharp fingernails.
Your flesh is cold resistant. (rC+)
You are immune to negative energy. (rN+++)
You do not regenerate when monsters are visible.
You are immune to unholy pain and torment.
You can survive without breathing.


Message History

The jackal bites you but does no damage.
The jackal barely misses you.
You barely miss the jackal.
The jackal bites you but does no damage.
Grinder gestures at you.
You suddenly lose the ability to move!
The jackal bites you.
* * * LOW HITPOINT WARNING * * *
The jackal bites you but does no damage.
The jackal bites you.
* * * LOW HITPOINT WARNING * * *
Grinder hits you but does no damage. The jackal bites you.
* * * LOW HITPOINT WARNING * * *
Grinder hits you but does no damage. The jackal bites you.
* * * LOW HITPOINT WARNING * * *
Grinder hits you.
* * * LOW HITPOINT WARNING * * *
The jackal bites you but does no damage.
The jackal bites you but does no damage.
Grinder hits you.
You die...

#..... ##.##.
##########.##.
#..........###
###.##########
#.....#
#.#.#.#
##.####.#...#
#...h@5.#####
#########


You could see Grinder and a jackal.

Vanquished Creatures
  A black bear (D:2)
  3 adders (D:2)
  2 worms
  3 dart slugs (D:2)
  2 leopard geckos
  7 bats
  3 giant cockroaches
  7 goblins
  9 hobgoblins
  8 jackals
  3 kobolds
  3 frilled lizards
  10 rats
61 creatures vanquished.

Notes
Turn   | Place    | Note
-------+----------+-------------------------------------------
     0 | D:1      | Borgoz the Ghoul Gladiator began the quest for the Orb.
     0 | D:1      | Reached XP level 1. HP: 17/17 MP: 0/0
    77 | D:1      | Reached XP level 2. HP: 12/25 MP: 1/1
   551 | D:1      | Reached XP level 3. HP: 27/30 MP: 2/2
   942 | D:1      | Reached skill level 1 in Armour
  1834 | D:2      | Reached XP level 4. HP: 37/37 MP: 3/3
  2010 | D:2      | Noticed a black bear
  2032 | D:2      | Killed a black bear
  2033 | D:2      | Reached XP level 5. HP: 32/45 MP: 4/4
  2315 | D:2      | Found a hazy altar of Hepliaklqana.
  2427 | D:3      | Noticed Grinder
  2430 | D:3      | Paralysed by Grinder for 4 turns
  2443 | D:3      | Paralysed by Grinder for 4 turns
  2455 | D:3      | Paralysed by Grinder for 2 turns
  2459 | D:3      | Paralysed by Grinder for 2 turns
  2469 | D:3      | Paralysed by Grinder for 4 turns
  2478 | D:3      | Paralysed by Grinder for 6 turns
  2482 | D:3      | HP: 2/45 [Grinder (4)]
  2483 | D:3      | Slain by Grinder

Illustrated notes

Levels and vault maps discovered:
D:1:      heliophobic_arrival_dark_side_of_the_moon, layout_basic,
          minmay_crystal_room, minmay_bisected
D:2:      layout_basic, nzn_hepliaklqana_mist_gate,
          wander_ebering_terrifying_dragon_lair
D:3:      layout_basic, gammafunk_temple_overflow_statue, marbit_many_paths,
          uniq_terence, uniq_crazy_yiuf_cottage, uniq_grinder

Skill      XL: |  1  2  3  4 |
---------------+-------------+-----
Maces & Flails | 3 |  3.6
Dodging        | 3 |  3.6
Armour         | 1 2 |  2.1
Fighting       | 3 |  3.6
Throwing       | |  1.7

Action                   |  1- 3 |  4- 6 || total
-------------------------+-------+-------++-------
Melee: Flail             |   140 |   118 ||   258
Throw: Throwing net      |     2 |     2 ||     4
  Use: Potion            |       |     2 ||     2
Armor: Leather armour    |    51 |    33 ||    84
       Scale mail        |       |    28 ||    28
Dodge: Dodged            |   124 |    80 ||   204
